 Dungeon Crawl Stone Soup version 0.19-a0-36-g4a0968a (webtiles) character file.

3557 tyvek the Cudgeler (level 10, -1/64 HPs)
             Began as a Gargoyle Fighter on May 4, 2016.
             Was a Priest of Okawaru.
             Killed by divine providence
             ... invoked by an orc priest
              (11 damage)
             ... on level 7 of the Dungeon.
             The game lasted 00:14:12 (7315 turns).

tyvek the Cudgeler (Gargoyle Fighter)               Turns: 7315, Time: 00:14:12

Health: -1/64      AC: 29    Str: 23    XL:     10   Next: 9%
Magic:  13/13      EV:  6    Int:  8    God:    Okawaru [***...]
Gold:   588        SH: 11    Dex: 10    Spells: 0 memorised, 9 levels left

rFire  . . .     SeeInvis .     a - +6 flail (protect)
rCold  . . .     Gourm    .     l - +0 chain mail
rNeg   + . .     Faith    .     c - +0 shield
rPois  ∞         Spirit   .     (helmet restricted)
rElec  +         Dismiss  .     y - +2 cloak
rCorr  .         Reflect  .     (no gloves)
SustAt .         Harm     .     e - +0 pair of boots
MR     +....                    (no amulet)
Stlth  ..........               G - +2 ring of protection
                                g - ring of protection from magic {MR+, !d}

@: flying, very slightly contaminated, hasted, very quick, somewhat resistant to
hostile enchantments, extremely unstealthy
A: beak, negative energy resistance 1, regeneration 1, screaming 1, electricity
resistance, unbreathing, petrification resistance, rot immunity, AC +7
a: Heroism, Renounce Religion


You were on level 7 of the Dungeon.
You worshipped Okawaru.
Okawaru was most pleased with you.
You were not hungry.

You visited 2 branches of the dungeon, and saw 8 of its levels.
You also visited: Sewer and Ossuary.

You collected 588 gold pieces.

Inventory:

Hand Weapons
 a - a +6 flail of protection (weapon)
   (You took it off Edmund on level 4 of the Dungeon)
Armour
 c - a +0 shield (worn)
 e - a +0 pair of boots (worn)
   (You found it on level 2 of the Dungeon)
 i - a cursed -2 leather armour
   (You found it on level 6 of the Dungeon)
 l - a +0 chain mail (worn)
   (You found it on level 2 of the Dungeon)
 y - a +2 cloak (worn)
   (You found it on level 4 of the Dungeon)
Jewellery
 g - a ring of protection from magic (left hand) {MR+, !d}
   (You found it on level 1 of the Dungeon)
 G - a +2 ring of protection (right hand)
   (You found it on level 4 of the Dungeon)
Wands
 u - a wand of disintegration (12/24)
   (You found it on level 7 of the Dungeon)
Scrolls
 d - 7 scrolls of identify
 h - 6 scrolls of teleportation
 j - a scroll of immolation {unknown}
 k - a scroll of fog {unknown}
 n - a scroll of blinking {unknown}
 o - 4 scrolls of enchant weapon
 r - 5 scrolls of remove curse
 t - 2 scrolls of recharging
 w - 2 scrolls of fear
Potions
 b - a potion of ambrosia
 q - a potion of resistance
 v - a potion of might
 x - a potion of mutation {!q}
 z - 2 potions of flight
 A - a potion of haste
 B - a potion of berserk rage {unknown}
 C - a potion of magic
 D - a potion of curing
Comestibles
 f - 5 bread rations {@e1}
 m - 3 chunks of flesh {@w0}
 p - a royal jelly
 s - 4 meat rations {@e2}
 E - 2 fruits


   Skills:
 + Level 7.7 Fighting
 + Level 7.9 Maces & Flails
 + Level 7.6 Armour
 + Level 7.8 Shields
 + Level 4.5 Invocations


You had 9 spell levels left.
You didn't know any spells.

Dungeon Overview and Level Annotations

Branches:
Dungeon (7/15)             Temple (1/1) D:4

Altars:
Cheibriados
Fedhas
Gozag
Kikubaaqudgha
Makhleb
Nemelex Xobeh
Okawaru
Pakellas
Qazlal
Ru
Sif Muna
Trog
Xom
Yredelemnul
The Shining One


Innate Abilities, Weirdness & Mutations

You are resistant to torment.
Your stone body is resilient (AC +7).
You are immune to poison.
You resist negative energy.
You are resistant to electric shocks.
You can survive without breathing.
You are immune to petrification.
You are immune to rotting.
You have a beak for a mouth.
Your natural rate of healing is unusually fast.
You occasionally shout uncontrollably at your foes.


Message History

The centaur shoots an arrow.
The arrow hits you!
You take 8 damage, and have 56/64 hp.
You sock the crimson imp!
The centaur shoots an arrow.
The arrow hits you but does no damage.
The crimson imp hits you but does no damage.
You hit the crimson imp but do no damage.
The centaur shoots an arrow.
You block the arrow.
The crimson imp hits you but does no damage.
The centaur shoots an arrow.
The arrow barely misses you.
The arrow hits the crimson imp!
The crimson imp dies!
The centaur shoots an arrow.
You block the arrow.
Things that are here:
an arrow; a runed brass wand The centaur shoots an arrow.
The arrow completely misses you.
The centaur unwields an uncursed shortbow.
The centaur hits you. x2
You take 11 damage, and have 46/64 hp.
You sock the centaur!
The centaur hits you but does no damage.
You hit the centaur.
You are feeling hungry.
The centaur hits you but does no damage.
The centaur completely misses you.
You sock the centaur!
You kill the centaur!
Okawaru accepts your kill.
No target in view!
You now have 588 gold pieces (gained 11).
Things that are here:
an uncursed shortbow; 9 arrows; a centaur corpse You butcher the centaur corpse.
m - 4 chunks of flesh {@w0}
Things that are here:
an uncursed shortbow; 9 arrows Eating one of 4 chunks of flesh {@w0}.
You continue eating. x2
u - a wand of disintegration You see here an arrow.
An orc warrior and an orc priest come into view.
The orc warrior shouts!
The orc priest shouts!
An orc wizard comes into view. It is wielding a dagger.
You regained 2 hp, and now have 51/64 hp.
There are monsters nearby!
An orc, an orc warrior and an orc priest come into view.
The orc wizard shouts!
The orc warrior shouts!
The orc priest shouts!
The orc priest mumbles some strange prayers to Beogh against you.
Beogh smites you!
An orc comes into view.
You take 13 damage, and have 38/64 hp.
MASSIVE DAMAGE!!
An ice beast comes into view.
The orc shouts!
The orc priest miscasts a cantrip.
The orc priest calls down the wrath of Beogh upon you.
Beogh smites you!
You take 9 damage, and have 29/64 hp.
An ice beast comes into view.
The orc wizard casts a cantrip, but nothing happens.
You sock the ice beast!
The ice beast hits you but does no damage.
You sock the ice beast!
You kill the ice beast!
Okawaru accepts your kill.
The orc warrior hits you with a battleaxe.
You take 2 damage, and have 29/64 hp.
You barely miss the orc warrior.
The orc warrior hits you but does no damage.
You sock the orc warrior!
The orc warrior hits you but does no damage.
You completely miss the orc warrior. The orc warrior barely misses you.
You hit the orc warrior. You hit the orc warrior.
The orc warrior hits you but does no damage.
You barely miss the orc warrior. You block the orc warrior's attack.
You hit the orc warrior but do no damage.
The orc warrior hits you with a war axe.
You block the orc warrior's attack.
You take 4 damage, and have 26/64 hp.
Unknown command.
Drink which item? (? for menu, Esc to quit)
It was a potion of flight.
You feel very buoyant.
You fly up into the air.
You block the orc warrior's attack.
The orc warrior hits you with a battleaxe!
* * * LOW HITPOINT WARNING * * *
You take 16 damage, and have 10/64 hp.
MASSIVE DAMAGE!!
Drink which item? (? for menu, Esc to quit)
It was a potion of haste.
You feel yourself speed up.
You are very lightly contaminated with residual magic.
Drink which item? (? for menu, Esc to quit)
It was a potion of mutation.
You feel extremely strange.
You feel the urge to shout.
Your mouth lengthens and hardens into a beak!
You begin to heal more quickly.
You block the orc warrior's attack. The orc warrior barely misses you.
The orc priest calls down the wrath of Beogh upon you.
Beogh smites you!
You die...

#........#.#..#.##...####
#.#....................(.
#........#...............
###......##.#.##...#.###.
#...........#o.ooo.o.oo
####.o.##......o.#.....
######......o.#.#...o....
#....>.o#####.#.#..#.####
######.o@ooooY........Y
#..#####.#.###.##.#
######............ .. ...
#.........#...#####.#. ##
#.......<.#†### .#..
#...........####
#................#
##.#.########.##.#
#...#..ht.#..# #


You could see 2 orc warriors, an ice beast, 2 orc priests, an orc wizard and 2
orcs.

Vanquished Creatures
  The ghost of tyvek the Shield-Bearer, a novice FoFi (D:6)
  The ghost of stupendous the Shield-Bearer, a novice FoFi (D:5)
  Grinder (D:3)
  Edmund (D:4)
  Purgy (D:4)
  An orc warrior (D:6)
  An ice beast (D:7)
  A phantom (D:4)
  3 ogres
  2 centaurs
  7 big kobolds (Sewer)
  A giant frog (D:6)
  A wyvern zombie (D:6)
  2 scorpions
  A howler monkey (D:6)
  A crimson imp (D:5)
  A quasit (D:6)
  A giant frog zombie (D:5)
  An orc priest (D:6)
  2 hounds (D:5)
  A centaur skeleton (D:4)
  A giant frog skeleton (D:6)
  Natasha (twice) (D:3)
  Terence (D:2)
  3 orc wizards
  4 worker ants
  A big kobold zombie (Ossuary)
  2 hound skeletons
  8 mummies (Ossuary)
  A worker ant zombie (D:6)
  7 gnolls (D:3)
  10 adders
  A river rat (Sewer)
  2 shadow imps
  3 oozes
  8 worms
  3 dart slugs
  6 giant geckos
  16 orcs
  8 ball pythons
  2 giant cockroaches
  A gnoll zombie (Ossuary)
  10 goblins
  5 hobgoblins
  3 jackals
  8 kobolds
  3 quokkas
  5 bats
  A giant gecko zombie (D:6)
  4 giant newts
  A goblin zombie (D:4)
  2 hobgoblin zombies (Ossuary)
  A kobold zombie (Ossuary)
  3 orc zombies (Ossuary)
  A quokka zombie (D:4)
  13 rats
182 creatures vanquished.

Vanquished Creatures (others)
  A crimson imp (D:7)
1 creature vanquished.

Grand Total: 183 creatures vanquished

Notes
Turn   | Place    | Note
--------------------------------------------------------------
     0 | D:1      | tyvek the Gargoyle Fighter began the quest for the Orb.
     0 | D:1      | Reached XP level 1. HP: 14/14 MP: 1/1
   172 | D:1      | Reached XP level 2. HP: 19/19 MP: 2/2
   517 | D:1      | HP: 2/19 [something (17)]
   948 | D:2      | Reached XP level 3. HP: 9/23 MP: 3/3
   954 | D:2      | HP: 6/24 [hobgoblin/club (3)]
  1467 | D:2      | Noticed Terence
  1485 | D:2      | Killed Terence
  1485 | D:2      | Reached skill level 3 in Maces & Flails
  1485 | D:2      | Reached XP level 4. HP: 20/29 MP: 4/4
  1650 | D:2      | Found a shimmering altar of Xom.
  1664 | D:2      | Found a faded altar to an unknown god.
  1678 | D:2      | Reached skill level 4 in Shields
  1921 | D:3      | Reached skill level 4 in Fighting
  2067 | D:3      | Reached XP level 5. HP: 30/33 MP: 5/5
  2261 | D:3      | Noticed Natasha
  2265 | D:3      | Killed Natasha
  2302 | D:3      | Noticed Grinder
  2305 | D:3      | Reached skill level 4 in Armour
  2317 | D:3      | Paralysed by Grinder for 6 turns
  2344 | D:3      | Killed Grinder
  2344 | D:3      | Reached skill level 4 in Maces & Flails
  2344 | D:3      | Reached XP level 6. HP: 25/39 MP: 6/6
  2560 | D:3      | Reached XP level 7. HP: 34/44 MP: 7/7
  2855 | D:3      | Reached skill level 5 in Fighting
  3150 | D:3      | Noticed Natasha
  3154 | D:3      | Killed Natasha
  3154 | D:3      | Reached skill level 5 in Shields
  3302 | D:4      | Reached skill level 5 in Maces & Flails
  3314 | D:4      | Noticed Edmund
  3316 | D:4      | Noticed Purgy
  3347 | D:4      | Killed Purgy
  3347 | D:4      | Reached skill level 5 in Armour
  3362 | D:4      | Killed Edmund
  3362 | D:4      | Reached XP level 8. HP: 15/50 MP: 8/8
  3577 | D:4      | Found a staircase to the Ecumenical Temple.
  3587 | Temple   | Entered the Ecumenical Temple
  3682 | Temple   | Became a worshipper of Warmaster Okawaru
  3784 | D:4      | Found a sand-covered staircase.
  3791 | Ossuary  | Entered an ossuary
  3843 | Ossuary  | Reached skill level 6 in Maces & Flails
  4378 | D:4      | Reached skill level 6 in Fighting
  4378 | D:4      | Reached skill level 6 in Shields
  4566 | D:5      | Entered Level 5 of the Dungeon
  4824 | D:5      | Noticed stupendous's ghost (novice FoFi)
  4840 | D:5      | Killed stupendous's ghost
  4840 | D:5      | Reached * piety under Okawaru
  4840 | D:5      | Reached skill level 6 in Armour
  4840 | D:5      | Reached skill level 1 in Invocations
  4925 | D:5      | Reached XP level 9. HP: 50/56 MP: 10/10
  5235 | D:5      | Found a blossoming altar of Fedhas.
  5235 | D:5      | Found a sacrificial altar of Ru.
  5543 | D:6      | Reached skill level 2 in Invocations
  5568 | D:6      | Noticed tyvek's ghost (novice FoFi)
  5592 | D:6      | Killed tyvek's ghost
  5592 | D:6      | Reached ** piety under Okawaru
  5592 | D:6      | Reached skill level 7 in Fighting
  5592 | D:6      | Reached skill level 7 in Maces & Flails
  5611 | D:6      | Reached skill level 7 in Shields
  5611 | D:6      | Reached skill level 3 in Invocations
  5860 | D:6      | Got a faintly humming leather armour
  5867 | D:6      | Found a glowing drain.
  5891 | Sewer    | Entered a sewer
  6028 | Sewer    | Reached skill level 7 in Armour
  6616 | D:6      | Reached skill level 4 in Invocations
  6632 | D:6      | Identified the +1 leather armour of Modesty {-Tele rCorr Slay+2} (You found it on level 6 of the Dungeon)
  6676 | D:6      | Reached *** piety under Okawaru
  6899 | D:6      | Reached XP level 10. HP: 26/63 MP: 13/13
  7203 | D:7      | Found a shimmering altar of Xom.
  7203 | D:7      | Found a shimmering altar of Xom.
  7203 | D:7      | Found a shimmering altar of Xom.
  7203 | D:7      | Found a shimmering altar of Xom.
  7203 | D:7      | Found a shimmering altar of Xom.
  7204 | D:7      | Found a shimmering altar of Xom.
  7205 | D:7      | Found a shimmering altar of Xom.
  7205 | D:7      | Found a shimmering altar of Xom.
  7313 | D:7      | HP: 10/64 [orc warrior/battleaxe (17)]
  7315 | D:7      | Gained mutation: You occasionally shout uncontrollably at your foes. [potion of mutation]
  7315 | D:7      | Gained mutation: You have a beak for a mouth. [potion of mutation]
  7315 | D:7      | Gained mutation: Your natural rate of healing is unusually fast. [potion of mutation]
  7315 | D:7      | Killed from afar by an orc priest

Vault maps used:
D:1:      eino_arrival_cavern_e
D:2:      xom_butterflies, ecumenical_altar_2, st_stairs_4, uniq_terence
D:3:      kennysheep_big_flooded_room, serial_curves, eino_curves_01,
          eino_curves_02, minmay_box_of_dots, uniq_grinder, uniq_natasha
D:4:      minmay_temple_entry_junction, first_bread, enter_ossuary_4,
          uniq_purgy, uniq_edmund
D:5:      gammafunk_temple_overflow_elements, kennysheep_cluttered_room,
          hangedman_abyss_or_decor_stabs
D:6:      portal_sewer_entry_b, grunt_decor_cap
D:7:      xom_shifter_show
Temple:   circular_temple_12
Sewer:    sewer_co_tree
Ossuary:  ossuary_tomb_3

Skill      XL: |  1  2  3  4  5  6  7  8  9 |
---------------+----------------------------+-----
Maces & Flails | 3 4 5 6 7 |  7.9
Shields        | 4 5 6 7 |  7.8
Fighting       | 4 5 6 7 |  7.7
Armour         | 4 5 6 7 |  7.6
Invocations    | 1 4 |  4.5

Action                   |  1- 3 |  4- 6 |  7- 9 | 10-12 || total
-------------------------+-------+-------+-------+-------++-------
Melee: Flail             |   105 |   182 |   490 |    30 ||   807
  Use: Scroll            |       |     7 |     7 |       ||    14
       Potion            |       |       |     3 |     3 ||     6
 Stab: Invisible         |       |       |     1 |       ||     1
  Eat: Chunk             |     1 |       |    14 |     2 ||    17
       Bread ration      |       |     1 |       |       ||     1
       Beef jerky        |       |       |     1 |       ||     1
Armor: Scale mail        |    49 |    17 |       |       ||    66
       Chain mail        |       |    77 |   224 |    14 ||   315
       Skin              |       |       |    43 |       ||    43
Dodge: Dodged            |    32 |    38 |   114 |     8 ||   192
Block: Shield            |    44 |    88 |   285 |    13 ||   430

Vault maps used:
D:1:      eino_arrival_cavern_e
D:2:      xom_butterflies, ecumenical_altar_2, st_stairs_4, uniq_terence
D:3:      kennysheep_big_flooded_room, serial_curves, eino_curves_01,
          eino_curves_02, minmay_box_of_dots, uniq_grinder, uniq_natasha
D:4:      minmay_temple_entry_junction, first_bread, enter_ossuary_4,
          uniq_purgy, uniq_edmund
D:5:      gammafunk_temple_overflow_elements, kennysheep_cluttered_room,
          hangedman_abyss_or_decor_stabs
D:6:      portal_sewer_entry_b, grunt_decor_cap
D:7:      xom_shifter_show
Temple:   circular_temple_12
Sewer:    sewer_co_tree
Ossuary:  ossuary_tomb_3

Table legend:
 A = Turns spent in this place as a percentage of turns spent in the entire game.
 B = Non-inter-level travel turns spent in this place as a percentage of non-inter-level travel turns spent in the entire game.
 C = Inter-level travel turns spent in this place as a percentage of turns spent in this place.
 D = Turns resting spent in this place as a percentage of non-inter-level travel turns spent in this place.
 E = Turns spent auto-exploring this place as a percentage of non-inter-level travel turns spent in this place.
 F = Non-inter-level travel turns spent in this place divided by the number of levels of this place that you've seen.
                   A       B       C       D       E      F
               +-------+-------+-------+-------+-------+----------------------
         Total | 100.0 | 100.0 |   0.5 |   1.2 |  11.9 | 226.6
       Dungeon |  79.2 |  79.2 |   0.6 |   1.4 |  11.5 | 256.3
        Temple |   0.9 |   0.8 |  10.0 |   0.0 |  72.2 |  18.0
         Sewer |  14.9 |  15.0 |   0.0 |   0.0 |   8.6 | 339.0
       Ossuary |   5.0 |   5.1 |   0.0 |   1.7 |  17.4 | 115.0
               +-------+-------+-------+-------+-------+----------------------

Table legend:
 A = Kills in this place as a percentage of kills in entire the game.
 B = Kills by you in this place as a percentage of kills by you in the entire game.
 C = Kills by friends in this place as a percentage of kills by friends in the entire game.
 D = Other kills in this place as a percentage of other kills in the entire game.
 E = Experience gained in this place as a percentage of experience gained in the entire game.
 F = Experience gained in this place divided by the number of levels of this place that you have seen.
                   A       B       C       D       E      F
               +-------+-------+-------+-------+-------+----------------------
         Total | 100.0 | 100.0 |  -nan | 100.0 | 100.0 | 508.2
       Dungeon |  76.0 |  75.8 |  -nan | 100.0 |  80.5 | 584.3
         Sewer |  15.3 |  15.4 |  -nan |   0.0 |  16.0 | 813.0
       Ossuary |   8.7 |   8.8 |  -nan |   0.0 |   3.5 | 179.0
               +-------+-------+-------+-------+-------+----------------------
